Match 42441598
Unlisted

Match 42441598
End
Pioneer Squad
Construct Infanterie Kompanie
MG 42 Machine Gun Team
Grenadier Squad
Grenadier Squad
Grenadier Squad
Infanterie Officer Quarters
Construct Panzergrenadier Kompanie
251 Medium Carrier
Pak 40 Anti-tank Gun Team
Support Elements
Nebelwerfer 42 Rocket Launcher Team
Panzergrenadier Squad
Medical Bunker
Selects Breakthrough Battlegroup
Selects Rapid Production
Selects Blitzkrieg
MG 42 Machine Gun Team
Pak 40 Anti-tank Gun Team
Grenadier Squad
Selects Tiger Heavy Tank
Tiger Heavy Tank
ariete
Scooter
0
0

Comments sign in to comment!

No comments posted yet!